 Dungeon Crawl Stone Soup version 0.29.0-4-gdea44cf6ec (webtiles) character file.

Game seed: 2944070121633198110

115 qw the Chopper (level 5, -1/32 HPs)
             Began as a Gargoyle Fighter on Sept 8, 2022.
             Slain by a gnoll
             ... wielding a +0 spear
              (2 damage)
             ... on level 3 of the Dungeon.
             The game lasted 00:01:16 (3454 turns).

qw the Chopper (Gargoyle Fighter)                   Turns: 3454, Time: 00:01:16

Health: -1/32      AC: 12    Str: 21    XL:     5   Next: 0%
Magic:  5/5        EV:  9    Int:  9    God:
Gold:   194        SH:  4    Dex:  9    Spells: 4/4 levels left

rFire   . . .      SeeInvis .   Y - +0 war axe
rCold   . . .      Faith    .   c - +0 buckler
rNeg    + . .      Spirit   .   b - +0 scale mail
rPois   inf        Reflect  .   (no helmet)
rElec   +          Harm     .   i - +0 cloak
rCorr   .          Rampage  .   (no gloves)
Will    .....                   (no boots)
Stlth   ..........              (no amulet)
HPRegen 0.10/turn               (no ring)
MPRegen 0.09/turn               (no ring)

@: no status effects
A: sickness immunity, AC +4, negative energy resistance 1, electricity
resistance, torment resistance 1, petrification resistance
a: no special abilities


You were on level 3 of the Dungeon.
You visited 1 branch of the dungeon, and saw 3 of its levels.

You collected 194 gold pieces.


Innate Abilities, Weirdness & Mutations

You are immune to sickness and miasma.
Your stone body is resilient. (AC +4)
You are immune to poison.
You resist negative energy. (rN+)
You are resistant to electric shocks. (rElec)
You are resistant to unholy torment.
You are immune to petrification.


   Skills:
 - Level 3.2 Fighting
 + Level 4.5 Axes
 - Level 3.2 Armour
 - Level 3.2 Shields


You had 4 spell levels left.
You didn't know any spells.
Your spell library was empty.

Inventory:

Hand Weapons
 g - a +0 flail
 Y - a +0 war axe (weapon)
Armour
 b - a +0 scale mail (worn)
 c - a +0 buckler (worn)
 f - a scarf of repulsion
 i - a +0 cloak (worn)
Scrolls
 a - 2 scrolls of identify
Potions
 d - 2 potions of might
 e - a potion of curing
 h - 2 potions of degeneration {unknown}

Dungeon Overview and Level Annotations

Branches:
Dungeon (3/15)

Altars:


Message History

Found a stone staircase leading down.
Enter note:
a - 2 scrolls of identify (gained 1) 2 gnolls come into view.
The gnoll shouts! x2
Enter note:
Enter note:
Enter note: A gnoll comes into view. It is wielding a +0 spear.
The gnoll shouts!
Found 2 scrolls labelled LUZXOGGOETE.
You block the gnoll's attack. The gnoll barely misses you.
You slash the gnoll!
The gnoll is heavily wounded.
You block the gnoll's attack.
The gnoll hits you from afar with a +0 spear!
The gnoll barely misses you.
You hit the gnoll.
The gnoll is almost dead.
The gnoll hits you with a +0 spear. You block the gnoll's attack.
The gnoll hits you but does no damage. x2; The gnoll hits you with a +0 spear.
The gnoll hits you from afar with a +0 spear.
You barely miss the gnoll.
The gnoll is almost dead.
The gnoll hits you but does no damage. You block the gnoll's attack.
The gnoll barely misses you.
You hit the gnoll.
The gnoll is almost dead.
The gnoll hits you but does no damage. The gnoll barely misses you. x2
You slash the gnoll!
You kill the gnoll!
The gnoll hits you from afar with a +0 spear!
The gnoll hits you but does no damage. You block the gnoll's attack.
The gnoll hits you from afar with a +0 spear.
You have reached level 5!
The gnoll hits you with a +0 spear. The gnoll hits you but does no damage.
You see here a +0 spear.
You closely miss the gnoll. You barely miss the gnoll.
The gnoll barely misses you. The gnoll hits you with a +0 spear.
You die...

.......# #.######.#
.......#
###.....##.#
#####..#
#........#.#
###....#
#.########.#
.##.##.#
#.....####.#
....##.#
##+#####...##.#
..###### .#.....
###....## ..#
.......#####....####
..#
#....g@.....##....#
..#
#?...g#############
### #..... #.....
######


You could see 2 gnolls.

Vanquished Creatures
  A gnoll (D:3)
  5 adders
  2 worms (D:2)
  4 dart slugs
  An orc (D:3)
  2 endoplasms
  A giant cockroach (D:1)
  6 goblins
  5 hobgoblins
  3 jackals (D:3)
  3 quokkas
  2 ball pythons (D:3)
  6 bats
  A frilled lizard (D:1)
  4 kobolds
  2 rats
48 creatures vanquished.

Notes
Turn   | Place    | Note
-------+----------+-------------------------------------------
     0 | D:1      | qw the Gargoyle Fighter began the quest for the Orb.
     0 | D:1      | Reached XP level 1. HP: 14/14 MP: 1/1
     0 | D:1      | 0 ||| qw: Version: 0.1-a-112-g44dc6cd
     0 | D:1      | 0 ||| qw: Game counter: 6840
     0 | D:1      | 0 ||| qw: Always use a shield: true
     0 | D:1      | 0 ||| qw: God list: Okawaru
     0 | D:1      | 0 ||| qw: Allow faded altars: false
     0 | D:1      | 0 ||| qw: Do Orc after D:15 true
     0 | D:1      | 0 ||| qw: Do second Lair branch before Depths: true
     0 | D:1      | 0 ||| qw: Lair rune preference: random
     0 | D:1      | 0 ||| qw: Plans: Normal, Zot, God:TSO, Crypt, Tomb, Zig,
                  | Orb
     0 | D:1      | 0 ||| PLANNING D:1-11
    83 | D:1      | Reached skill level 2 in Axes
   238 | D:1      | Reached XP level 2. HP: 19/19 MP: 2/2
   258 | D:1      | 258 ||| DROPPING +0 mace.
  1217 | D:1      | 1217 ||| UPGRADING to +0 cloak.
  1222 | D:1      | 1222 ||| READING scroll labelled ECVAFI QEADU.
  1223 | D:1      | 1223 ||| READING scroll labelled VIOT AROYLARGHU.
  1224 | D:1      | 1224 ||| READING scroll labelled HEXZYA RUCO.
  1381 | D:2      | Reached skill level 3 in Axes
  1404 | D:2      | 1404 ||| FLEEEEING.
  1405 | D:2      | 1405 ||| FLEEEEING.
  1406 | D:2      | 1406 ||| FLEEEEING.
  1407 | D:2      | 1407 ||| FLEEEEING.
  1411 | D:2      | 1411 ||| FLEEEEING.
  1412 | D:2      | 1412 ||| FLEEEEING.
  1416 | D:2      | 1416 ||| FLEEEEING.
  1417 | D:2      | 1417 ||| FLEEEEING.
  1460 | D:2      | Reached XP level 3. HP: 21/23 MP: 3/3
  1698 | D:2      | 1698 ||| Stepping ~*~*~tactically~*~*~ (stealth).
  1746 | D:2      | 1746 ||| FLEEEEING.
  1747 | D:2      | 1747 ||| FLEEEEING.
  1748 | D:2      | 1748 ||| FLEEEEING.
  1749 | D:2      | 1749 ||| FLEEEEING.
  1750 | D:2      | 1750 ||| FLEEEEING.
  1751 | D:2      | 1751 ||| FLEEEEING.
  1752 | D:2      | 1752 ||| FLEEEEING.
  1761 | D:2      | 1761 ||| FLEEEEING.
  1785 | D:2      | 1785 ||| FLEEEEING.
  1786 | D:2      | 1786 ||| FLEEEEING.
  1787 | D:2      | 1787 ||| FLEEEEING.
  1788 | D:2      | 1788 ||| FLEEEEING.
  1789 | D:2      | 1789 ||| FLEEEEING.
  1790 | D:2      | 1790 ||| FLEEEEING.
  1791 | D:2      | 1791 ||| FLEEEEING.
  1792 | D:2      | 1792 ||| FLEEEEING.
  1793 | D:2      | 1793 ||| FLEEEEING.
  1810 | D:2      | 1810 ||| FLEEEEING.
  1811 | D:2      | 1811 ||| FLEEEEING.
  1831 | D:2      | 1831 ||| FLEEEEING.
  1832 | D:2      | 1832 ||| FLEEEEING.
  1853 | D:2      | 1853 ||| FLEEEEING.
  1854 | D:2      | 1854 ||| FLEEEEING.
  1855 | D:2      | 1855 ||| FLEEEEING.
  1873 | D:2      | 1873 ||| FLEEEEING.
  1874 | D:2      | 1874 ||| STAIRDANCE
  1946 | D:2      | 1946 ||| STAIRDANCE
  2128 | D:2      | Noticed a necrophage
  2288 | D:2      | Reached XP level 4. HP: 22/28 MP: 4/4
  2699 | D:2      | 2699 ||| READING 2 scrolls labelled QAISICHISM.
  2800 | D:2      | 2800 ||| READING scroll labelled AMUOTY KADOUN.
  2801 | D:2      | 2801 ||| READING 2 scrolls of identify.
  2801 | D:2      | 2801 ||| IDENTIFYING ruby potion
  2802 | D:2      | 2802 ||| DROPPING scroll of silence.
  2838 | D:3      | 2838 ||| STAIRDANCE
  2853 | D:2      | Reached skill level 4 in Axes
  2866 | D:3      | 2866 ||| Stepping ~*~*~tactically~*~*~ (stealth).
  2922 | D:3      | 2922 ||| Stepping ~*~*~tactically~*~*~ (hiding).
  2923 | D:3      | 2923 ||| Stepping ~*~*~tactically~*~*~ (hiding).
  2924 | D:3      | 2924 ||| Stepping ~*~*~tactically~*~*~ (hiding).
  2926 | D:3      | 2926 ||| Stepping ~*~*~tactically~*~*~ (stealth).
  2950 | D:3      | 2950 ||| Stepping ~*~*~tactically~*~*~ (stealth).
  3032 | D:3      | 3032 ||| Stepping ~*~*~tactically~*~*~ (hiding).
  3211 | D:3      | 3211 ||| Stepping ~*~*~tactically~*~*~ (stealth).
  3223 | D:3      | 3223 ||| Stepping ~*~*~tactically~*~*~ (stealth).
  3247 | D:3      | 3247 ||| Stepping ~*~*~tactically~*~*~ (stealth).
  3248 | D:3      | 3248 ||| Stepping ~*~*~tactically~*~*~ (stealth).
  3253 | D:3      | 3253 ||| Stepping ~*~*~tactically~*~*~ (stealth).
  3452 | D:3      | HP: 7/28 [gnoll/+0 spear (7)]
  3452 | D:3      | HP: 2/28 [gnoll/+0 spear (5)]
  3453 | D:3      | Reached XP level 5. HP: 2/32 MP: 5/5
  3454 | D:3      | Slain by a gnoll

Levels and vault maps discovered:
D:1:      onia_arrival_mini_maze, layout_basic, dk_noncrumbling_4,
          grunt_decor_clamped
D:2:      minmay_alternating_diamond, layout_basic, minmay_parallelograms,
          lightli_corner_chamber
D:3:      layout_rooms, shapermc_ecumenical_altar_ellora

Skill      XL: |  1  2  3  4 |
---------------+-------------+-----
Axes           | 2 3 4 |  4.5
Fighting       | |  3.2
Armour         | |  3.2
Shields        | |  3.2

Action                   |  1- 3 |  4- 6 || total
-------------------------+-------+-------++-------
Melee: War axe           |    95 |    71 ||   166
  Use: Scroll            |     3 |     3 ||     6
Armor: Scale mail        |    58 |    37 ||    95
Dodge: Dodged            |    45 |    45 ||    90
Block: Buckler           |    20 |    16 ||    36

Table legend:
 A = Non-vault XP
 B = Vault XP
 C = Vault XP percentage of total XP
 D = Non-vault monster count
 E = Vault monster count
 F = Vault count percentage of total count
                 A         B        C        D         E       F
            +---------+---------+-------+---------+---------+-------
      Total |     133 |      32 |  19.4 |      43 |       5 |  10.4
            +---------+---------+-------+---------+---------+-------
        D:1 |      26 |       0 |   0.0 |      15 |       0 |   0.0
        D:2 |      52 |      32 |  38.1 |      12 |       5 |  29.4
        D:3 |      55 |       0 |   0.0 |      16 |       0 |   0.0
            +---------+---------+-------+---------+---------+-------
